 Dungeon Crawl Stone Soup version 0.21.1-1-g345015f (webtiles) character file.

99 inc the Magician (level 4, 27/27 HPs)
             Began as an Octopode Ice Elementalist on May 1, 2018.
             Quit the game on level 2 of the Dungeon.
             The game lasted 00:05:12 (2719 turns).

inc the Magician (Octopode Ice Elementalist)        Turns: 2719, Time: 00:05:13

Health: 27/27      AC:  1    Str:  7    XL:     4   Next: 72%
Magic:  10/10      EV: 13    Int: 18    God:
Gold:   119        SH:  0    Dex: 12    Spells: 10/11 levels left

rFire    . . .     SeeInvis .   j - +1 dagger (venom)
rCold    . . .     Gourm    .   (no shield)
rNeg     . . .     Faith    .   (helmet restricted)
rPois    .         Spirit   .   o - amulet of harm
rElec    .         Reflect  .   g - ring of teleportation
rCorr    .         Harm     +   (no ring)
MR       .....     Rnd*Tele +   (no ring)
Stlth    +++.......             (no ring)
HPRegen  0.09/turn              (no ring)
MPRegen  0.12/turn              (no ring)
                                (no ring)
                                (no ring)

@: no status effects
A: almost no armour, stealthy swim, amphibious, 8 rings, constrict 8, camouflage
1, gelatinous body 1
a: no special abilities


You were on level 2 of the Dungeon.
You were hungry.

You visited 1 branch of the dungeon, and saw 2 of its levels.

You collected 119 gold pieces.

Inventory:

Hand Weapons
 j - a +1 dagger of venom (weapon)
Jewellery
 g - a ring of teleportation (left tentacle)
 o - an amulet of harm (around mantle)
Scrolls
 c - a scroll of enchant armour {unknown}
 d - 3 scrolls of identify {unknown}
 f - 2 scrolls of remove curse
 h - a scroll of magic mapping {unknown}
 l - a scroll of fear {unknown}
 p - a scroll of enchant weapon {unknown}
Potions
 e - a potion of might {unknown}
 i - a potion of haste {unknown}
 k - a potion of heal wounds {unknown}
 m - a potion of degeneration {unknown}
 n - a potion of flight {unknown}
Books
 a - a book of Frost

   Spells                             Type                      Level
   a - Freeze                         Ice                          1
   b - Throw Frost                    Conjuration/Ice              2
   c - Ozocubu's Armour               Charms/Ice                   3
   d - Throw Icicle                   Conjuration/Ice              4
   e - Summon Ice Beast               Ice/Summoning                4
Comestibles
 b - 6 rations


   Skills:
 - Level 2.0 Dodging
 - Level 2.6 Stealth
 + Level 4.4 Spellcasting
   Level 1.0 Conjurations
 - Level 3.0 Ice Magic


You had 10 spell levels left.
You knew the following spells:

 Your Spells              Type           Power        Failure   Level  Hunger
a - Freeze                Ice            ##..         4%          1    None


Dungeon Overview and Level Annotations

Branches:
Dungeon (2/15)

Altars:
Nemelex Xobeh


Innate Abilities, Weirdness & Mutations

You cannot wear most types of armour.
You are very stealthy in the water. (Stealth+)
You are amphibious.
You can wear up to eight rings at the same time.
You can use your tentacles to constrict eight enemies at once.
Your skin changes colour to match your surroundings (Stealth+).
Your rubbery body absorbs attacks. (AC +1, EV +1)


Message History

There is a stone staircase leading down here.
m - a grey potion
Found an escape hatch in the floor.
Found a stone staircase leading up.
You are feeling hungry.
As you open the door, it creaks loudly!
There is an open door here.
You open the door.
Found a hunting sling.
Put on which piece of jewellery? (? for menu, Esc to quit)
You feel slightly jumpy.
Oops, that ring feels deathly cold.
g - a cursed ring of teleportation (left tentacle) Put on which piece of jewellery? (? for menu, Esc to quit)
o - an amulet of harm (around mantle)
As you read the scroll labeled CUEG OJ FEXIGUL, it crumbles to dust.
You feel as if something is helping you.
It was a scroll of remove curse.
Put on which piece of jewellery? (? for menu, Esc to quit)
Okay, then.
Are you sure you want to abandon this character and quit the game? (Confirm with "yes".)

....# #......# #.# #.#.# ....#
#......# #.# #....
..†.##########......#####.# #..#.
....'........'......'.....# #.#..
....##########......####..# #...#
....# #......# ##.####.## ....#
#......#####..###.## #####
#......'............ .#
#..@...###.......### .# #......#
#.......# .##### ###'####
#.#..##.# .....###########.#
#.#..##.### .###.#...........#
#.##..#.#<. .###.#...........#
#.##..#.### (.##.#.............
#.......# .
_......#######......#######.†##.#
..###.## #).................#


There were no monsters in sight!

Vanquished Creatures
  3 adders (D:2)
  An ooze (D:1)
  A worm (D:2)
  A dart slug (D:2)
  2 leopard geckos
  3 ball pythons (D:2)
  A giant cockroach (D:2)
  5 hobgoblins (D:1)
  6 jackals
  A quokka (D:2)
  7 bats
  3 frilled lizards (D:2)
  12 goblins
  9 kobolds
  4 rats
59 creatures vanquished.

Notes
Turn   | Place    | Note
-------+----------+-------------------------------------------
     0 | D:1      | inc the Octopode Ice Elementalist began the quest for the Orb.
     0 | D:1      | Reached XP level 1. HP: 11/11 MP: 3/3
   357 | D:1      | Reached XP level 2. HP: 17/17 MP: 1/5
   456 | D:1      | Reached skill level 3 in Spellcasting
   801 | D:1      | Reached XP level 3. HP: 17/21 MP: 1/7
  1644 | D:2      | Reached XP level 4. HP: 27/27 MP: 5/9
  1709 | D:2      | Reached skill level 4 in Spellcasting
  1797 | D:2      | Found a sparkling altar of Nemelex Xobeh.
  2719 | D:2      | Quit the game

Skill      XL: |  1  2  3  4 |
---------------+-------------+-----
Spellcasting   | 3 4 |  4.4
Dodging        | |  2.0
Stealth        | |  2.6
Conjurations   | |  1.0
Ice Magic      | |  3.0

Action                   |  1- 3 |  4- 6 || total
-------------------------+-------+-------++-------
Melee: Unarmed           |    56 |       ||    56
       Constrict         |    17 |     4 ||    21
       Tentacles         |     8 |     1 ||     9
       Dagger            |       |    17 ||    17
 Cast: Freeze            |    36 |    42 ||    78
  Use: Scroll            |       |     1 ||     1
 Stab: Sleeping          |     5 |     1 ||     6
  Eat: Chunk             |     2 |     3 ||     5
Armor: Skin              |    11 |    10 ||    21
Dodge: Dodged            |    56 |    54 ||   110
